General information
			
			
        
        - name: BNet
 
        - type: Ladder team game (AT/RT)
 
        - host: Battle.net
 
        - saver: TacoBellSwamp
 
        
map: UpperKingdom 
        - players: 6
 
        - length: 49:22
 
        - speed: Fast
 - version: 1.22 W3XP
 - replay type:  

 
» download(311 KB)
Players
        team 1 (winner) 
              
              
chipchopparn (
orange | 111 APM | 5476 actions | 49:08)
              
 5 Archmage 
 3 Blizzard
 2 Brilliance Aura
 3 Blood Mage 
 2 Flame Strike
 1 Siphon Mana
 3 Pit Lord 
 2 Rain of Fire
 1 Cleaving Attack
 
                » actions 
                
                | Assign group hotkey | 387 |  | 
| Basic commands | 10 |  | 
| Build / train | 217 |  | 
| Enter build submenu | 170 |  | 
| Enter hero's abilities submenu | 11 |  | 
| Remove unit from queue | 3 |  | 
| Right click | 2242 |  | 
| Select / deselect | 666 |  | 
| Select group hotkey | 1406 |  | 
| Use ability | 364 |  | 
                5476 total
 » units 
                
                | Peasant | 36 |  | 
| Dragonhawk Rider | 13 |  | 
                49 total
 » upgrades
                
                | Masonry | 5 |  | 
| Lumber Harvesting | 2 |  | 
| Magic Sentry | 1 |  | 
| Animal War Training | 1 |  | 
| Swords | 3 |  | 
| Armor | 3 |  | 
                15 total
 » buildings
                
                | Altar of Kings | 1 |  | 
| Lumber Mill | 1 |  | 
| Farm | 5 |  | 
| Scout Tower | 139 |  | 
| Arcane Tower | 8 |  | 
| Guard Tower | 90 |  | 
| Arcane Vault | 6 |  | 
| Keep | 1 |  | 
| Town Hall | 5 |  | 
| Arcane Sanctum | 1 |  | 
| Castle | 1 |  | 
| Gryphon Aviary | 1 |  | 
| Barracks | 1 |  | 
| Blacksmith | 1 |  | 
                261 total
 » build order
                00:05 Altar of Kings
00:19 Lumber Mill
00:30 Farm
00:39 Farm
01:22 Scout Tower
01:37 Farm
01:50 Arcane Tower
01:51 Scout Tower
01:57 Scout Tower
02:07 Scout Tower
02:20 Guard Tower
02:46 Scout Tower
02:46 Guard Tower
03:05 Scout Tower
03:09 Scout Tower
03:09 Guard Tower
03:27 Scout Tower
03:27 Guard Tower
03:28 Guard Tower
03:53 Guard Tower
03:55 Arcane Vault
03:56 Guard Tower
03:57 Scout Tower
04:02 Guard Tower
04:28 Scout Tower
04:36 Guard Tower
04:38 Scout Tower
04:45 Arcane Vault
05:12 Guard Tower
05:15 Scout Tower
05:30 Scout Tower
05:49 Scout Tower
05:52 Guard Tower
05:54 Scout Tower
05:58 Arcane Tower
05:58 Arcane Tower
05:59 Arcane Tower
06:37 Guard Tower
06:38 Scout Tower
07:12 Keep
07:19 Guard Tower
07:19 Scout Tower
07:22 Guard Tower
07:23 Scout Tower
07:27 Scout Tower
07:28 Guard Tower
07:50 Guard Tower
07:53 Arcane Vault
07:53 Guard Tower
07:56 Scout Tower
07:57 Scout Tower
08:16 Scout Tower
08:53 Town Hall
08:57 Scout Tower
08:58 Scout Tower
09:07 Farm
09:20 Scout Tower
09:21 Guard Tower
09:22 Scout Tower
09:24 Guard Tower
09:26 Scout Tower
09:46 Arcane Tower
09:50 Guard Tower
10:20 Guard Tower
10:23 Scout Tower
10:26 Guard Tower
10:58 Guard Tower
10:58 Guard Tower
10:59 Guard Tower
11:01 Scout Tower
11:03 Arcane Sanctum
11:03 Castle
11:27 Guard Tower
11:29 Scout Tower
11:30 Scout Tower
11:32 Guard Tower
11:34 Scout Tower
11:34 Guard Tower
12:49 Scout Tower
12:50 Scout Tower
12:52 Guard Tower
12:53 Scout Tower
12:57 Guard Tower
12:57 Guard Tower
12:57 Guard Tower
12:58 Scout Tower
13:05 Guard Tower
13:06 Scout Tower
13:07 Scout Tower
13:24 Guard Tower
13:25 Scout Tower
14:03 Guard Tower
14:13 Guard Tower
14:18 Scout Tower
14:58 Guard Tower
14:59 Scout Tower
15:03 Scout Tower
15:04 Guard Tower
15:13 Scout Tower
15:13 Guard Tower
15:42 Guard Tower
16:20 Guard Tower
16:21 Scout Tower
16:22 Scout Tower
16:25 Guard Tower
16:25 Scout Tower
16:57 Guard Tower
16:58 Guard Tower
16:59 Scout Tower
17:01 Guard Tower
17:03 Gryphon Aviary
17:08 Barracks
17:09 Blacksmith
17:14 Guard Tower
17:16 Scout Tower
18:04 Guard Tower
18:05 Scout Tower
18:07 Scout Tower
18:08 Scout Tower
18:09 Guard Tower
18:10 Guard Tower
18:12 Scout Tower
18:13 Scout Tower
19:10 Guard Tower
19:23 Scout Tower
19:24 Scout Tower
19:41 Scout Tower
19:56 Scout Tower
19:58 Scout Tower
20:10 Scout Tower
20:13 Guard Tower
20:28 Guard Tower
20:30 Scout Tower
20:30 Scout Tower
20:33 Arcane Vault
20:34 Scout Tower
20:35 Scout Tower
20:39 Scout Tower
20:40 Guard Tower
21:17 Guard Tower
21:17 Scout Tower
21:18 Scout Tower
21:23 Scout Tower
21:25 Scout Tower
21:26 Guard Tower
21:28 Scout Tower
21:29 Scout Tower
21:32 Guard Tower
21:33 Scout Tower
21:34 Scout Tower
21:36 Guard Tower
21:46 Guard Tower
21:49 Scout Tower
21:50 Scout Tower
21:53 Scout Tower
21:54 Scout Tower
22:09 Guard Tower
22:09 Scout Tower
22:10 Scout Tower
22:28 Guard Tower
22:29 Scout Tower
22:30 Scout Tower
22:31 Scout Tower
22:33 Guard Tower
22:34 Scout Tower
22:35 Scout Tower
22:36 Scout Tower
22:38 Guard Tower
22:39 Scout Tower
22:40 Scout Tower
22:41 Scout Tower
22:49 Guard Tower
22:50 Scout Tower
22:50 Scout Tower
22:52 Guard Tower
22:54 Scout Tower
22:55 Scout Tower
22:58 Guard Tower
23:02 Scout Tower
23:20 Guard Tower
24:11 Guard Tower
24:18 Guard Tower
24:19 Scout Tower
24:22 Guard Tower
24:23 Scout Tower
24:55 Scout Tower
24:57 Scout Tower
24:57 Scout Tower
25:20 Farm
25:21 Guard Tower
25:32 Guard Tower
25:32 Guard Tower
25:33 Scout Tower
25:35 Scout Tower
25:35 Scout Tower
25:44 Scout Tower
25:52 Scout Tower
26:05 Scout Tower
26:12 Arcane Vault
26:35 Guard Tower
26:39 Scout Tower
26:49 Guard Tower
26:50 Scout Tower
26:52 Scout Tower
26:56 Scout Tower
27:39 Scout Tower
27:40 Scout Tower
27:43 Guard Tower
27:48 Town Hall
27:54 Scout Tower
27:55 Scout Tower
27:57 Guard Tower
28:02 Scout Tower
28:11 Scout Tower
28:19 Guard Tower
28:21 Scout Tower
28:21 Scout Tower
28:22 Scout Tower
28:24 Scout Tower
28:24 Scout Tower
28:26 Scout Tower
28:28 Scout Tower
28:30 Scout Tower
28:32 Scout Tower
28:35 Scout Tower
28:36 Scout Tower
28:36 Guard Tower
28:37 Guard Tower
28:38 Scout Tower
28:40 Scout Tower
28:45 Guard Tower
28:48 Arcane Tower
28:58 Guard Tower
29:00 Scout Tower
29:02 Scout Tower
29:23 Guard Tower
29:24 Scout Tower
29:28 Scout Tower
29:47 Guard Tower
30:17 Guard Tower
30:18 Scout Tower
30:22 Scout Tower
30:30 Scout Tower
30:32 Scout Tower
30:39 Guard Tower
30:42 Town Hall
31:08 Guard Tower
31:11 Scout Tower
32:33 Town Hall
33:53 Town Hall
» items
                
                | Healing Salve | 1 |  | 
| Scroll of Regeneration | 1 |  | 
| Staff of Sanctuary | 3 |  | 
| Orb of Lightning | 3 |  | 
| Tiny Great Hall | 2 |  | 
| Ivory Tower | 8 |  | 
| Scroll of Town Portal | 8 |  | 
                26 total
  
               
              
              
IrritableBowelS (
red | 82 APM | 4027 actions | 49:08)
              
 6 Blood Mage 
 3 Flame Strike
 2 Siphon Mana
 1 Summon Phoenix
 5 Mountain King 
 3 Storm Bolt
 2 Bash
 
                » actions 
                
                | Assign group hotkey | 12 |  | 
| Basic commands | 120 |  | 
| Build / train | 135 |  | 
| ESC pressed | 12 |  | 
| Enter build submenu | 105 |  | 
| Enter hero's abilities submenu | 11 |  | 
| Give item / drop item | 6 |  | 
| Right click | 1812 |  | 
| Select / deselect | 413 |  | 
| Select group hotkey | 1053 |  | 
| Use ability | 348 |  | 
                4027 total
 » units 
                
                | Peasant | 27 |  | 
| Dragonhawk Rider | 7 |  | 
                34 total
 » upgrades
                
                | Masonry | 3 |  | 
| Lumber Harvesting | 2 |  | 
| Magic Sentry | 1 |  | 
| Armor | 3 |  | 
| Swords | 3 |  | 
| Animal War Training | 1 |  | 
| Cloud | 1 |  | 
                14 total
 » buildings
                
                | Lumber Mill | 1 |  | 
| Altar of Kings | 1 |  | 
| Farm | 11 |  | 
| Scout Tower | 158 |  | 
| Arcane Tower | 9 |  | 
| Guard Tower | 50 |  | 
| Town Hall | 2 |  | 
| Keep | 1 |  | 
| Arcane Sanctum | 1 |  | 
| Blacksmith | 1 |  | 
| Castle | 1 |  | 
| Arcane Vault | 2 |  | 
| Gryphon Aviary | 5 |  | 
| Barracks | 1 |  | 
| Workshop | 1 |  | 
                245 total
 » build order
                00:15 Lumber Mill
00:19 Altar of Kings
00:25 Farm
01:05 Scout Tower
01:13 Scout Tower
01:32 Arcane Tower
01:41 Scout Tower
02:00 Arcane Tower
02:01 Arcane Tower
02:09 Scout Tower
02:21 Farm
02:27 Arcane Tower
02:27 Arcane Tower
02:27 Arcane Tower
02:45 Guard Tower
02:46 Scout Tower
03:13 Scout Tower
03:19 Guard Tower
03:20 Scout Tower
03:47 Scout Tower
03:58 Guard Tower
03:59 Scout Tower
04:02 Scout Tower
04:31 Guard Tower
05:13 Scout Tower
05:14 Scout Tower
05:27 Town Hall
06:24 Guard Tower
06:38 Guard Tower
06:41 Guard Tower
06:48 Scout Tower
06:56 Guard Tower
07:16 Scout Tower
07:16 Scout Tower
07:38 Scout Tower
07:39 Scout Tower
07:40 Scout Tower
08:09 Scout Tower
08:09 Scout Tower
08:11 Scout Tower
08:12 Scout Tower
08:13 Scout Tower
08:15 Scout Tower
08:26 Scout Tower
08:27 Scout Tower
08:28 Scout Tower
08:28 Scout Tower
08:31 Farm
08:32 Farm
08:39 Keep
08:46 Guard Tower
09:09 Guard Tower
09:31 Guard Tower
09:47 Scout Tower
09:48 Scout Tower
09:49 Scout Tower
09:58 Scout Tower
09:59 Scout Tower
10:02 Scout Tower
10:07 Guard Tower
10:11 Guard Tower
10:11 Guard Tower
10:23 Guard Tower
10:24 Scout Tower
10:27 Guard Tower
10:27 Guard Tower
10:27 Guard Tower
11:08 Guard Tower
11:27 Arcane Sanctum
11:31 Guard Tower
11:45 Scout Tower
11:45 Scout Tower
11:47 Scout Tower
11:48 Scout Tower
11:52 Scout Tower
11:53 Scout Tower
11:54 Scout Tower
11:54 Scout Tower
13:02 Scout Tower
13:03 Scout Tower
13:05 Scout Tower
13:06 Scout Tower
13:06 Scout Tower
13:07 Scout Tower
13:08 Guard Tower
13:16 Blacksmith
13:25 Castle
13:26 Guard Tower
13:32 Guard Tower
13:34 Guard Tower
14:49 Guard Tower
14:51 Scout Tower
14:51 Scout Tower
14:52 Scout Tower
14:53 Scout Tower
14:54 Scout Tower
14:55 Scout Tower
15:10 Town Hall
15:22 Arcane Vault
15:24 Arcane Vault
15:29 Guard Tower
15:33 Scout Tower
15:34 Scout Tower
15:35 Scout Tower
15:36 Scout Tower
15:37 Scout Tower
15:37 Scout Tower
15:38 Scout Tower
15:39 Scout Tower
15:40 Scout Tower
15:41 Scout Tower
16:05 Scout Tower
16:06 Scout Tower
16:07 Scout Tower
16:08 Scout Tower
16:08 Scout Tower
16:10 Scout Tower
16:10 Scout Tower
16:11 Scout Tower
16:12 Scout Tower
16:13 Scout Tower
16:49 Scout Tower
16:50 Scout Tower
16:52 Scout Tower
16:53 Scout Tower
16:53 Scout Tower
16:54 Scout Tower
17:07 Guard Tower
17:34 Guard Tower
18:02 Guard Tower
18:04 Guard Tower
18:15 Scout Tower
18:15 Scout Tower
18:16 Scout Tower
18:16 Scout Tower
19:03 Guard Tower
19:21 Scout Tower
19:22 Scout Tower
19:23 Guard Tower
19:25 Scout Tower
19:51 Guard Tower
20:11 Scout Tower
20:12 Scout Tower
20:13 Scout Tower
20:17 Guard Tower
21:12 Guard Tower
21:39 Guard Tower
21:46 Scout Tower
21:47 Scout Tower
21:47 Scout Tower
21:49 Scout Tower
21:49 Scout Tower
21:52 Scout Tower
21:54 Guard Tower
22:06 Guard Tower
22:09 Guard Tower
22:10 Guard Tower
22:20 Scout Tower
22:21 Scout Tower
22:21 Scout Tower
22:22 Scout Tower
22:23 Scout Tower
22:24 Scout Tower
22:52 Guard Tower
23:57 Guard Tower
24:08 Guard Tower
24:48 Guard Tower
24:49 Scout Tower
24:50 Scout Tower
24:52 Scout Tower
24:54 Scout Tower
24:55 Scout Tower
24:56 Scout Tower
24:58 Gryphon Aviary
25:02 Scout Tower
25:03 Scout Tower
25:05 Scout Tower
25:06 Scout Tower
25:08 Scout Tower
25:09 Gryphon Aviary
25:09 Gryphon Aviary
25:10 Gryphon Aviary
26:56 Scout Tower
26:57 Scout Tower
26:58 Scout Tower
26:58 Scout Tower
26:59 Scout Tower
27:12 Barracks
27:27 Scout Tower
27:33 Scout Tower
27:33 Scout Tower
27:37 Scout Tower
27:39 Scout Tower
27:45 Guard Tower
28:06 Guard Tower
29:46 Guard Tower
29:56 Guard Tower
30:01 Guard Tower
30:08 Farm
30:09 Farm
30:10 Farm
30:11 Farm
30:11 Farm
30:13 Farm
30:14 Farm
34:09 Workshop
45:37 Scout Tower
45:39 Scout Tower
45:41 Scout Tower
45:43 Scout Tower
45:45 Scout Tower
45:46 Scout Tower
45:52 Scout Tower
45:53 Scout Tower
45:54 Scout Tower
45:55 Scout Tower
46:14 Scout Tower
46:15 Scout Tower
46:16 Scout Tower
46:17 Scout Tower
46:18 Scout Tower
46:19 Scout Tower
46:34 Scout Tower
46:35 Scout Tower
46:36 Scout Tower
46:37 Scout Tower
46:42 Scout Tower
46:43 Scout Tower
46:46 Scout Tower
46:47 Scout Tower
46:52 Scout Tower
46:53 Scout Tower
46:56 Scout Tower
46:58 Scout Tower
47:37 Scout Tower
47:41 Scout Tower
47:42 Scout Tower
47:43 Scout Tower
47:47 Scout Tower
48:41 Arcane Tower
49:01 Scout Tower
49:05 Arcane Tower
» items
                
                | Healing Salve | 2 |  | 
| Orb of Lightning | 2 |  | 
| Staff of Sanctuary | 2 |  | 
| Lesser Clarity Potion | 4 |  | 
| Scroll of Town Portal | 3 |  | 
                13 total
  
               
              
              
TacoBellSwamp (
yellow | 97 APM | 4799 actions | 49:22)
              
 8 Blademaster 
 3 Wind Walk
 3 Critical Strike
 1 Bladestorm
 1 Mirror Image
 
                » actions 
                
                | Assign group hotkey | 7 |  | 
| Basic commands | 39 |  | 
| Build / train | 115 |  | 
| Enter build submenu | 62 |  | 
| Enter hero's abilities submenu | 8 |  | 
| Give item / drop item | 23 |  | 
| Remove unit from queue | 12 |  | 
| Right click | 3320 |  | 
| Select / deselect | 333 |  | 
| Select group hotkey | 642 |  | 
| Use ability | 237 |  | 
                4799 total
 » units 
                
                | Peon | 21 |  | 
| Troll Batrider | 23 |  | 
| Shaman | 1 |  | 
| Troll Witch Doctor | 1 |  | 
| Spirit Walker | 1 |  | 
                47 total
 » upgrades
                
                | Reinforced Defenses | 1 |  | 
| Ranged Weapons | 3 |  | 
| Armor | 3 |  | 
| Spiked Barricades | 2 |  | 
| Liquid Fire | 1 |  | 
| Witch Doctor Training | 2 |  | 
| Spirit Walker Training | 1 |  | 
| Shaman Training | 1 |  | 
                14 total
 » buildings
                
                | Altar of Storms | 1 |  | 
| Orc Burrow | 3 |  | 
| War Mill | 1 |  | 
| Voodoo Lounge | 4 |  | 
| Watch Tower | 51 |  | 
| Stronghold | 1 |  | 
| Great Hall | 1 |  | 
| Fortress | 2 |  | 
| Beastiary | 2 |  | 
| Spirit Lodge | 1 |  | 
                67 total
 » build order
                00:06 Altar of Storms
00:20 Orc Burrow
00:27 War Mill
01:35 Voodoo Lounge
01:51 Watch Tower
02:11 Watch Tower
02:20 Watch Tower
03:08 Watch Tower
03:09 Watch Tower
03:32 Watch Tower
03:54 Stronghold
03:58 Orc Burrow
04:06 Voodoo Lounge
04:21 Watch Tower
04:37 Watch Tower
04:40 Watch Tower
05:27 Watch Tower
05:39 Voodoo Lounge
05:46 Watch Tower
06:14 Great Hall
06:32 Watch Tower
07:18 Voodoo Lounge
07:45 Watch Tower
07:46 Watch Tower
07:48 Fortress
07:48 Fortress
08:49 Watch Tower
09:38 Watch Tower
09:39 Watch Tower
09:43 Beastiary
09:44 Beastiary
10:09 Watch Tower
11:33 Watch Tower
11:34 Watch Tower
11:35 Watch Tower
11:36 Watch Tower
11:37 Watch Tower
11:38 Watch Tower
11:54 Orc Burrow
12:29 Watch Tower
12:30 Watch Tower
13:24 Watch Tower
13:25 Watch Tower
14:41 Watch Tower
14:42 Watch Tower
14:43 Watch Tower
17:02 Watch Tower
17:03 Watch Tower
17:04 Watch Tower
17:06 Watch Tower
22:00 Watch Tower
22:01 Watch Tower
22:02 Watch Tower
22:03 Watch Tower
22:04 Watch Tower
22:05 Watch Tower
22:06 Watch Tower
25:19 Watch Tower
27:06 Watch Tower
27:37 Watch Tower
27:51 Watch Tower
27:53 Watch Tower
27:54 Watch Tower
27:55 Watch Tower
30:19 Watch Tower
30:23 Watch Tower
34:19 Spirit Lodge
» items
                
                | Healing Salve | 8 |  | 
| Lesser Clarity Potion | 13 |  | 
| Potion of Healing | 1 |  | 
| Orb of Lightning | 1 |  | 
| Scroll of Town Portal | 3 |  | 
                26 total
  
               team 2 (loser) 
              
              
Freak_Master (
pink | 42 APM | 2085 actions | 49:04)
              
 5 Dark Ranger 
 3 Black Arrow
 2 Life Drain
 
                » actions 
                
                | Assign group hotkey | 27 |  | 
| Basic commands | 256 |  | 
| Build / train | 84 |  | 
| ESC pressed | 2 |  | 
| Enter build submenu | 28 |  | 
| Enter hero's abilities submenu | 5 |  | 
| Right click | 424 |  | 
| Select / deselect | 268 |  | 
| Select group hotkey | 933 |  | 
| Use ability | 58 |  | 
                2085 total
 » units 
                
                | Acolyte | 28 |  | 
| Ghoul | 4 |  | 
| Crypt Fiend | 18 |  | 
| Meatwagon | 5 |  | 
| Frost Wyrm | 10 |  | 
                65 total
 » upgrades
                
                | Creature Carapace | 2 |  | 
| Freezing Breath | 1 |  | 
| Web | 1 |  | 
                4 total
 » buildings
                
                | Crypt | 1 |  | 
| Graveyard | 1 |  | 
| Ziggurat | 15 |  | 
| Altar of Darkness | 1 |  | 
| Tomb of Relics | 1 |  | 
| Spirit Tower | 7 |  | 
| Halls of the Dead | 1 |  | 
| Slaughterhouse | 1 |  | 
| Sacrificial Pit | 1 |  | 
| Black Citadel | 1 |  | 
| Boneyard | 2 |  | 
                32 total
 » build order
                00:35 Crypt
00:40 Graveyard
00:54 Ziggurat
01:12 Altar of Darkness
01:23 Ziggurat
01:41 Tomb of Relics
02:12 Spirit Tower
02:12 Spirit Tower
03:07 Spirit Tower
05:52 Ziggurat
06:36 Ziggurat
08:14 Ziggurat
09:14 Spirit Tower
09:46 Halls of the Dead
10:32 Ziggurat
10:51 Ziggurat
12:26 Slaughterhouse
12:33 Sacrificial Pit
13:51 Black Citadel
15:00 Spirit Tower
15:49 Ziggurat
16:51 Spirit Tower
17:08 Boneyard
21:29 Boneyard
27:44 Ziggurat
27:45 Ziggurat
27:47 Ziggurat
27:48 Ziggurat
32:16 Ziggurat
32:17 Ziggurat
33:52 Ziggurat
 
               
              
              
» 
HALBERE_2 (
blue | 87 APM | 4273 actions | 49:07)
              
 6 Shadow Hunter 
 2 Hex
 3 Healing Wave
 1 Big Bad Voodoo
 5 Tauren Chieftain 
 2 War Stomp
 3 Endurance Aura
 
                » actions 
                
                | Assign group hotkey | 48 |  | 
| Basic commands | 55 |  | 
| Build / train | 85 |  | 
| ESC pressed | 2 |  | 
| Enter build submenu | 21 |  | 
| Enter hero's abilities submenu | 11 |  | 
| Remove unit from queue | 1 |  | 
| Right click | 1353 |  | 
| Select / deselect | 731 |  | 
| Select group hotkey | 1808 |  | 
| Use ability | 158 |  | 
                4273 total
 » units 
                
                | Peon | 6 |  | 
| Grunt | 5 |  | 
| Troll Headhunter/Berserker | 3 |  | 
| Demolisher | 10 |  | 
| Wind Rider | 4 |  | 
| Troll Witch Doctor | 7 |  | 
| Raider | 17 |  | 
| Troll Batrider | 3 |  | 
                55 total
 » upgrades
                
                | Ensnare | 1 |  | 
| Armor | 1 |  | 
| Witch Doctor Training | 2 |  | 
| Pillage | 1 |  | 
| Liquid Fire | 1 |  | 
| Burning Oil | 1 |  | 
                7 total
 » buildings
                
                | Altar of Storms | 1 |  | 
| Barracks | 1 |  | 
| Orc Burrow | 12 |  | 
| Stronghold | 2 |  | 
| War Mill | 1 |  | 
| Beastiary | 2 |  | 
| Spirit Lodge | 1 |  | 
| Voodoo Lounge | 1 |  | 
| Fortress | 1 |  | 
| Great Hall | 1 |  | 
                23 total
 » build order
                00:14 Altar of Storms
00:20 Barracks
00:35 Orc Burrow
02:01 Orc Burrow
03:57 Stronghold
03:57 Stronghold
04:09 Orc Burrow
04:51 War Mill
06:35 Beastiary
06:42 Orc Burrow
08:24 Spirit Lodge
09:26 Orc Burrow
09:36 Orc Burrow
09:51 Voodoo Lounge
13:40 Beastiary
14:57 Orc Burrow
17:04 Orc Burrow
18:13 Fortress
26:47 Orc Burrow
26:48 Orc Burrow
29:41 Orc Burrow
31:11 Orc Burrow
34:16 Great Hall
» items
                
                | Rod of Necromancy | 1 |  | 
| Dust of Appearance | 4 |  | 
                5 total
  
               
              
              
» 
VaPoR-CrAfT (
purple | 23 APM | 1117 actions | 49:01)
              
 8 Crypt Lord 
 3 Carrion Beetles
 3 Spiked Carapace
 1 Locust Swarm
 1 Impale
 
                » actions 
                
                | Build / train | 68 |  | 
| Enter build submenu | 18 |  | 
| Enter hero's abilities submenu | 8 |  | 
| Give item / drop item | 1 |  | 
| Right click | 678 |  | 
| Select / deselect | 307 |  | 
| Use ability | 37 |  | 
                1117 total
 » units 
                
                | Acolyte | 12 |  | 
| Ghoul | 4 |  | 
| Crypt Fiend | 8 |  | 
| Frost Wyrm | 15 |  | 
                39 total
 » upgrades
                
                | Web | 1 |  | 
| Freezing Breath | 1 |  | 
| Creature Attack | 3 |  | 
| Creature Carapace | 3 |  | 
| Unholy Strength | 2 |  | 
| Unholy Armor | 2 |  | 
                12 total
 » buildings
                
                | Graveyard | 1 |  | 
| Crypt | 1 |  | 
| Altar of Darkness | 1 |  | 
| Ziggurat | 9 |  | 
| Nerubian Tower | 1 |  | 
| Spirit Tower | 2 |  | 
| Tomb of Relics | 1 |  | 
| Halls of the Dead | 1 |  | 
| Black Citadel | 1 |  | 
| Sacrificial Pit | 1 |  | 
| Boneyard | 2 |  | 
                21 total
 » build order
                00:07 Graveyard
00:17 Crypt
00:44 Altar of Darkness
00:59 Ziggurat
01:14 Ziggurat
02:31 Nerubian Tower
03:27 Spirit Tower
03:31 Ziggurat
04:11 Tomb of Relics
04:39 Halls of the Dead
04:45 Spirit Tower
07:05 Black Citadel
08:29 Ziggurat
09:13 Ziggurat
09:32 Sacrificial Pit
10:24 Boneyard
11:16 Boneyard
11:55 Ziggurat
16:30 Ziggurat
20:23 Ziggurat
20:27 Ziggurat
» items
                
                | Orb of Corruption | 1 |  | 
| Potion of Healing | 1 |  | 
| Dust of Appearance | 1 |  | 
                3 total
  
                Chat log
          (00:37 / All) IrritableBowelS: gooda luck....donta suck
(00:44 / All) Freak_Master: gl hf
(00:49 / All) TacoBellSwamp: U guys hey
(00:54 / All) TacoBellSwamp: from
(00:55 / All) TacoBellSwamp: ?
(00:58 / All) IrritableBowelS: from.
(01:01 / All) TacoBellSwamp: fill it out, the from form
(07:06 / All) TacoBellSwamp: Thank u.
(22:36 / All) TacoBellSwamp: What u doing
(25:34 / All) TacoBellSwamp:  what this sterange feeling?
(25:36 / All) TacoBellSwamp: i feel, 
(25:38 / All) TacoBellSwamp: good?
(28:05 / All) chipchopparn: are u going to vote obama?
(31:30 / Allies) IrritableBowelS: narc mage
(40:15 / All) VaPoR-CrAfT: i need a fucking cigarette
(40:21 / All) TacoBellSwamp: U likea tower?
(40:33 / All) IrritableBowelS: maybe you shouldn't be so weak minded that you get addicted to things.
(40:40 / All) VaPoR-CrAfT: ur strat sucks so much that i like it
(40:48 / All) TacoBellSwamp: sucks so much.....you lost to it
(40:48 / All) IrritableBowelS: its funny becuase guess my gold
(40:54 / All) chipchopparn: shit i lost, better smoke myself to an early grave so i wont have to admit defeat
(40:56 / All) chipchopparn: Puff puff
(40:57 / All) chipchopparn: hurry
(41:14 / All) VaPoR-CrAfT: i have all nighttttt
(41:16 / All) Freak_Master: lol u guys copied it !
(41:22 / All) TacoBellSwamp: ?
(41:26 / All) TacoBellSwamp: we invent it.
(41:30 / All) Freak_Master: cause if u lvl 1 with this strat !
(41:32 / All) TacoBellSwamp: clan towa of http://highper.ch/ fame?
(41:36 / All) Freak_Master: no u didnt !
(41:44 / All) TacoBellSwamp: yeah we did sorry
(41:48 / All) Freak_Master: i've seen it b4
(41:50 / All) TacoBellSwamp: we can't play on our real names or people know our strat
(42:03 / All) Freak_Master: right!
(42:05 / All) TacoBellSwamp: you hearda BEAR_AND    TIMG4STROK    Mata.     Iceberg-Slim
(42:06 / All) TacoBellSwamp: ?
(42:15 / All) Freak_Master: no
(43:00 / All) chipchopparn: blue
(43:01 / All) chipchopparn: u a nobb?
(43:07 / All) TacoBellSwamp: "yes" he say
(43:20 / All) IrritableBowelS: peace u later
(43:26 / All) TacoBellSwamp: Dangerouse Daisho
(43:29 / All) chipchopparn: snirk snirk
(43:55 / All) IrritableBowelS: fuck im under 20k gold
(43:58 / All) IrritableBowelS: U guys winne
(44:25 / All) TacoBellSwamp: Blademaestro say "NO"
(45:03 / All) chipchopparn: hope u have nacolyte insurance lol =)
(49:06 / All) chipchopparn: wow
(49:06 / All) TacoBellSwamp: what a matter?